Gundil, lawful female dwarven Valkyrie -------------------------- |>..................^^^^.| |.......----------------.| -------.------ |.| |...........| |.| |`.`..[[...`| |.| --------.----| |.| |%...........| |.| |............| |.| -----.-------- ------|.| |......`..`| --|.....|.| |...@...`..| |.+.....|.| |.......`.-- |-|.....|.| -------.---- |.+.....+.| |..%.....| |-|.....|-- |........| |.+.....| |...------ --|.....| ----- ------- Gundil the Fighter Experience level: 8 Strength: 18/02 Dexterity: 13 Constitution: 19 Intelligence: 7 Wisdom: 9 Charisma: 8 Health: 83(83) Energy: 13(13) Def: 12 Gold: 514 Moves: 8877 Dungeon seed: mz2t9eIFHSnqAWgy Game ID: Gundil_1554057642 Your Inventory: Coins $ - 514 gold pieces Weapons a - the blessed rustproof +1 Excalibur (weapon in hand) b - a +0 dagger (in quiver) t - a +0 knife F - 20 poisoned +0 orcish arrows G - 15 +0 crossbow bolts X - 9 cursed +0 darts Armor e - an uncursed +3 small shield (being worn) n - an uncursed +0 dwarvish cloak (being worn) r - an uncursed +0 pair of iron shoes (being worn) z - an uncursed +0 dwarvish mithril-coat (being worn) Comestibles x - an uncursed cream pie O - 4 uncursed food rations Scrolls f - 2 uncursed scrolls of identify m - 4 uncursed scrolls of enchant weapon s - 2 uncursed scrolls of earth Spellbooks i - an uncursed spellbook of magic missile Potions h - a blessed potion of full healing u - an uncursed potion of blindness w - 2 uncursed potions of extra healing K - an uncursed potion of restore ability M - an uncursed potion of gain ability V - 2 uncursed potions of object detection Rings c - an uncursed ring of slow digestion d - an uncursed ring of sustain ability j - an uncursed ring of sustain ability (on left hand) N - a cursed -2 ring of protection T - an uncursed ring of poison resistance Wands g - a wand of light (0:12) k - a wand of slow monster (0:2) l - a wand of sleep named Sleep (0:5) o - a wand of cold (0:4) p - a wand of digging (0:6) q - a wand of fire (0:3) y - a cursed wand of magic missile (0:5) A - a wand of create monster (0:14) D - a wand of striking (0:1) H - a wand of magic missile (0:3) J - a wand of teleportation (0:4) Q - a wand of striking (0:4) U - a wand of light (0:12) Y - a cursed wand of undead turning (0:6) Z - a wand of opening (0:5) Tools v - a +0 unicorn horn B - an uncursed tin whistle E - an uncursed mirror I - 7 uncursed wax candles (0:400) L - a +0 pick-axe R - 2 uncursed tallow candles (0:200) S - an uncursed towel W - an uncursed mirror Spells and supernatural/magical abilities: Name Level Category Fail Memory m - magic missile 2 attack 100% 96% w - wizard lock 2 matter 100% 96% W - pray for help -- divine ? -- Your skills at the end: Fighting Skills Weapon Skills dagger [Basic] long sword [Expert] Spellcasting Skills Final Attributes: You were piously aligned. You were cold resistant. You were poison resistant. You were level-drain resistant. You were stunned. You were confused. You were telepathic. You had automatic searching. You had infravision. You were stealthy. You could teleport. You were fast. You had fixed abilities. You were very unlucky. You are dead. Vanquished creatures: a gnome king a dwarf mummy a lizard 2 dogs a housecat 3 dwarf lords a black unicorn a plains centaur 2 gnome mummies 3 water moccasins an ape a human zombie a bugbear 3 wood nymphs a water nymph 11 Uruk-hai 2 rock piercers a rock mole 2 yellow lights 2 shriekers 8 gnome lords 4 gnomish wizards a kobold mummy a black naga hatchling 2 golden naga hatchlings a gray ooze 2 barrow wights 3 straw golems 2 baby crocodiles a giant ant 2 little dogs a floating eye 2 dwarves 3 homunculi a kobold shaman 4 hill orcs a monkey 2 dwarf zombies 2 wererats 2 iguanas an acid blob 8 coyotes 4 gas spores 3 hobbits 26 manes a large kobold a hobgoblin 2 giant rats 2 cave spiders 2 brown molds a yellow mold 3 green molds 32 gnomes a gnome zombie 4 geckos 6 jackals 5 foxes 2 kobolds 2 sewer rats 6 grid bugs 2 bats 7 lichens 2 kobold zombies 7 newts 216 creatures vanquished. Voluntary challenges: You used a wielded weapon 249 times, starting on turn 102. You read items or engraved 19 times, starting on turn 888. You never genocided any monsters. You never polymorphed an object. You changed form 1 time, starting on turn 7329. You used no wishes. You never split a pudding. You never wrote Elbereth's name. You violated your moral code, losing 146 points of alignment, starting on turn 797. Dungeon overview: The Dungeons of Doom: levels 1 to 8 Level 1 a sink a long staircase Level 2 a general store stairs to The Gnomish Mines Level 3 Level 4 an armor shop, a fountain Level 5 Level 6 Level 7 many fountains Level 8 a fountain stairs to Sokoban The Gnomish Mines: levels 3 to 7 Level 3 stairs to The Dungeons of Doom Level 4 Level 5 some shops, a temple to Tyr, some fountains Level 6 Level 7 Sokoban: levels 4 to 7 Level 4 <- You were here Level 5 Level 6 Level 7 stairs to The Dungeons of Doom History has recorded: On T:1 you entered the Dungeons of Doom to retrieve the Amulet of Yendor! On T:345 you reached level 2 of The Dungeons of Doom. On T:463 you advanced to experience level 2. On T:754 you reached level 1 of The Gnomish Mines. On T:924 you advanced to experience level 3. On T:1050 you advanced to experience level 4. On T:1165 you reached level 2 of The Gnomish Mines. On T:1660 you advanced to experience level 5. On T:1695 you reached level 3 of The Dungeons of Doom. On T:2244 you reached level 3 of The Gnomish Mines. On T:2824 you advanced to experience level 6. On T:3062 you reached level 4 of The Gnomish Mines. On T:3527 you reached level 5 of The Gnomish Mines. On T:4008 you advanced to experience level 7. On T:4474 you reached level 4 of The Dungeons of Doom. On T:4894 you reached level 5 of The Dungeons of Doom. On T:5187 you reached level 6 of The Dungeons of Doom. On T:5581 you reached level 7 of The Dungeons of Doom. On T:6089 you advanced to experience level 8. On T:6103 you reached level 8 of The Dungeons of Doom. On T:6331 you reached level 4 of Sokoban. On T:6644 you reached level 3 of Sokoban. On T:7305 you reached level 2 of Sokoban. On T:8147 you reached level 1 of Sokoban. Score breakdown: Gold: 514 ( 9224 points) Experience: 8 levels (14739 points) Exploration: 8 levels ( 16.33%) (11456 points) Discoveries: 14 items ( 5.69%) ( 7156 points) Valuables value: (no points given unless you survive) Artifact value: 4000 (12253 points) Variety of kills: 64 monsters ( 16.80%) (12295 points) Turncount: 8877 turns (-2202 points) Survival: died (score multiplied by 80%) Total score: 51936 Latest messages: There are a few objects here. You see here a mummy wrapping. You hear a sound reminiscent of an elephant stepping on a peanut. With great effort you move the boulder. The boulder falls into and plugs a hole in the floor! You see here a mummy wrapping. There are a few objects here. You see here a coyote corpse. A mysterious force prevents you from teleporting! You see here a coyote corpse. Ulch! That meat was tainted! You feel deathly sick. Yak - dog food! You finish eating the tripe ration. Nothing seems to happen. You are feeling mildly nauseated. You feel slightly confused. You can't seem to think straight. You die from your illness. Final status: Farvel Gundil the Valkyrie, poisoned by a rotted coyote corpse... You were poisoned in Sokoban on dungeon level 4 with 51936 points, and 514 pieces of gold, after 8877 moves. You were level 8 with a maximum of 83 hit points when you were poisoned.